 Dungeon Crawl Stone Soup version 0.27.0-1-g7a089689b8 (webtiles) character file.

Game seed: 2073914949992367111

991 horus123 the Covert (level 7, -3/47 (52) HPs)
             Began as a Vampire Brigand on Aug 15, 2021.
             Was a Follower of Wu Jian.
             Slain by a wight (13 damage)
             ... on level 5 of the Dungeon.
             The game lasted 00:15:02 (3878 turns).

horus123 the Covert (Vampire Brigand)               Turns: 3878, Time: 00:15:03

HP:   -3/47 (52)    AC:  5    Str:  8 (10) XL:     7   Next: 98%
MP:   0/7           EV: 13    Int: 18 (19) God:    Wu Jian [*.....]
Gold: 235           SH:  0    Dex: 15 (18) Spells: 5/6 levels left

rFire    . . .     SeeInvis +   a - +2 dagger (flame)
rCold    . . .     Faith    .   (no shield)
rNeg     . . .     Spirit   +   b - +0 robe
rPois    .         Reflect  .   (no helmet)
rElec    .         Harm     .   c - +0 cloak
rCorr    .         Rampage  .   k - +0 pair of gloves
Will     .....                  u - +0 pair of boots
Stlth    +++++.....             q - amulet of guardian spirit
HPRegen  0.35/turn              l - +6 ring of intelligence
MPRegen  0.10/turn              (no ring)

@: healing quickly, drained
A: alive, fangs 3, see invisible, vampiric 2
a: Exsanguinate, Renounce Religion


You were on level 5 of the Dungeon.
You worshipped Wu Jian.
Wu Jian was aware of your devotion.
You visited 1 branch of the dungeon, and saw 5 of its levels.

You collected 284 gold pieces.
You spent 49 gold pieces at shops.

Inventory:

Hand Weapons
 a - a +2 dagger of flaming (weapon)
Missiles
 d - 16 poisoned darts (quivered)
 e - 2 curare-tipped darts
 p - 4 atropa-tipped darts
Armour
 b - a +0 robe (worn)
 c - a +0 cloak (worn)
 k - a +0 pair of gloves (worn)
 u - a +0 pair of boots (worn)
Magical Staves
 f - a staff of air
Jewellery
 g - a ring of protection from fire
 l - a +6 ring of intelligence (left hand)
 q - an amulet of guardian spirit (around neck)
Wands
 m - a wand of flame (10)
Scrolls
 h - a scroll of magic mapping
 r - a scroll of teleportation
 s - a scroll of noise
 t - a scroll of amnesia
Potions
 i - a potion of lignification {unknown}
 j - a potion of flight {unknown}
 n - 2 potions of brilliance
 o - a potion of magic
 w - a potion of cancellation {unknown}
 z - a potion of might {unknown}


   Skills:
 + Level 3.1 Fighting
 + Level 5.7 Short Blades
 + Level 1.6 Throwing
 + Level 3.7 Dodging
 * Level 11.1 Stealth
 + Level 0.7 Evocations


You had 5 spell levels left.
You knew the following spells:

 Your Spells              Type           Power      Damage    Failure   Level
a - Pain                  Necr           0%         1d4       22%         1

Your spell library contained the following spells:

 Spells                   Type           Power      Damage    Failure   Level
 Animate Skeleton         Necr           0%         N/A       22%         1
 Sandblast                Erth           0%         2d4       22%         1
 Passwall                 Tmut/Erth      0%         N/A       32%         2
 Stone Arrow              Conj/Erth      0%         3d7       54%         3
 Vampiric Draining        Necr           0%         2d6       54%         3
 Animate Armour           Summ/Erth      0%         N/A       91%         4
 Lee's Rapid Deconstruct  Erth           0%         3d5*      99%         5
 Lehudib's Crystal Spear  Conj/Erth      0%         10d2      100%        8


Dungeon Overview and Level Annotations

Branches:
Dungeon (5/15)
 Temple: D:4-7

Altars:
Trog
Vehumet
Wu Jian
Yredelemnul

Shops:
D:1 [


Innate Abilities, Weirdness & Mutations

Your natural rate of healing is accelerated.
You have razor-sharp teeth.
You have supernaturally acute eyesight. (SInv)
You are afflicted with vampirism and can become a bat while bloodless.


Message History

You closely miss the wight.
The wight is heavily damaged.
The wight barely misses you.
You hit the wight. You burn the wight.
The wight is heavily damaged.
You hit the wight but do no damage. Your bite misses the wight.
The wight is heavily damaged.
The wight closely misses you.
You hit the wight. You burn the wight.
The wight is almost destroyed.
The wight hits you with a +5 flail!
You feel drained.
You hit the wight but do no damage.
The wight is almost destroyed.
You closely miss the wight.
The wight is almost destroyed.
The wight hits you but does no damage.
You barely miss the wight.
The wight is almost destroyed.
The wight hits you with a +5 flail!
You hit the wight. You burn the wight.
You destroy the wight!
The Council accepts your kill.
You spin and attack the wight.
You hit the wight but do no damage.
The wight hits you with a +0 long sword!
* * * LOW HITPOINT WARNING * * *
You feel drained.
* * * LOW HITPOINT WARNING * * *
It was a potion of magic.
Magic courses through your body.
It was a potion of degeneration.
There was something very wrong with that liquid.
You feel weakened.
You feel dopey.
You feel clumsy.
You spin and attack the wight.
You closely miss the wight. Your bite misses the wight.
The wight hits you with a +5 war axe.
* * * LOW HITPOINT WARNING * * *
You feel drained.
* * * LOW HITPOINT WARNING * * *
You spin and attack the wight repeatedly.
You completely miss the wight. You hit the wight but do no damage.
The wight hits you with a +5 war axe!!
You die...

..............#
............#
......... #..†.###+#
#......... #Z........
############z........
#..........z##Z......
#.####....@.# .......
#.# #......# .......
#.# #......# #####+#
#.# #......# #<#
#......# ### #......+
........# #.......#


You could see 2 wights and a centaur zombie.

Vanquished Creatures
  Sigmund (D:2)
  A steam dragon (D:4)
  2 water moccasins
  A black bear (D:4)
  A necrophage (D:4)
  A scorpion (D:4)
  A wight (D:5)
  A bullfrog skeleton (D:4)
  2 hound skeletons (D:4)
  3 adders
  A gnoll (D:4)
  A howler monkey skeleton (D:4)
  A shadow imp (D:3)
  3 worms (D:2)
  5 dart slugs
  3 orcs (D:4)
  10 ball pythons
  5 bats
  10 endoplasms
  7 giant cockroaches
  5 goblins
  5 hobgoblins
  2 jackals (D:1)
  8 kobolds
  7 quokkas
  3 frilled lizards (D:2)
  A jackal skeleton (D:4)
  4 rats
95 creatures vanquished.

Vanquished Creatures (others)
  2 orcs (D:4)
  A ball python (D:4)
3 creatures vanquished.

Grand Total: 98 creatures vanquished

Notes
Turn   | Place    | Note
-------+----------+-------------------------------------------
     0 | D:1      | horus123 the Vampire Brigand began the quest for the Orb.
     0 | D:1      | Reached XP level 1. HP: 16/16 MP: 1/1
    49 | D:1      | Reached skill level 6 in Stealth
   147 | D:1      | Reached XP level 2. HP: 22/22 MP: 2/2
   257 | D:1      | Found a faded altar of an unknown god.
   364 | D:1      | Reached skill level 7 in Stealth
   413 | D:1      | Found Kayt's Armour Emporium.
   423 | D:1      | Bought a +0 pair of gloves for 49 gold pieces
   729 | D:2      | Gained mutation: You are afflicted with vampirism and can
                  | become a bat while bloodless. [Vampire growth]
   729 | D:2      | Reached XP level 3. HP: 27/27 MP: 3/3
  1187 | D:2      | Found a bloodstained altar of Trog.
  1282 | D:2      | Reached XP level 4. HP: 30/33 MP: 4/4
  1300 | D:2      | Reached skill level 8 in Stealth
  1371 | D:2      | Noticed Sigmund
  1399 | D:2      | Killed Sigmund
  1400 | D:2      | Reached XP level 5. HP: 10/38 MP: 5/5
  1488 | D:2      | Learned a level 1 spell: Pain
  1773 | D:3      | Found an ornate altar of the Wu Jian Council.
  1810 | D:3      | Became a worshipper of the Wu Jian Council
  1882 | D:3      | Reached XP level 6. HP: 37/44 MP: 4/6
  2057 | D:3      | Found a radiant altar of Vehumet.
  2283 | D:4      | Found a basalt altar of Yredelemnul.
  2310 | D:4      | Reached skill level 9 in Stealth
  2340 | D:4      | Noticed a water moccasin
  2511 | D:3      | Killed a water moccasin
  2748 | D:4      | Reached XP level 7. HP: 23/51 MP: 3/7
  2898 | D:4      | Reached skill level 5 in Short Blades
  3069 | D:4      | Reached skill level 10 in Stealth
  3238 | D:4      | Noticed a steam dragon
  3299 | D:4      | Reached * piety under Wu Jian
  3605 | D:4      | Killed a steam dragon
  3838 | D:5      | Entered Level 5 of the Dungeon
  3858 | D:5      | Reached skill level 11 in Stealth
  3878 | D:5      | Slain by a wight

Illustrated notes

Levels and vault maps discovered:
D:1:      dpeg_arrival_solitude, layout_loops_ring, serial_shops,
          nicolae_shop_temple_entry_statues_fountains,
          hellmonk_ecumenical_altar_lost_god
D:2:      layout_basic, basic_altar, serial_forest, infiniplex_forest_lined_3,
          infiniplex_forest_straight_4, infiniplex_forest_lined_3_way,
          infiniplex_forest_clump_double, infiniplex_forest_zigzag_1,
          infiniplex_forest_lined_2, infiniplex_forest_straight_3,
          infiniplex_forest_zigzag_1, wander_ebering_terrifying_dragon_lair,
          uniq_sigmund
D:3:      layout_rooms, nicolae_overflow_crystal_walls,
          nicolae_overflow_hidden_temple, general_overflow_altar
D:4:      layout_loops_corners, pf_just_have_faith, minmay_tree_intersection,
          minmay_crystal_room, minmay_pentangle
D:5:      layout_basic, minmay_temple_entry_wispy, gup_sewer_entry_bowl

Skill      XL: |  1  2  3  4  5  6  7 |
---------------+----------------------+-----
Stealth        | 6 7 8 9 11 | 11.1
Fighting       | 2 3 |  3.1
Short Blades   | 3 4 5 |  5.7
Dodging        | 2 3 |  3.7
Throwing       | |  1.6
Evocations     | |  0.7

Action                   |  1- 3 |  4- 6 |  7- 9 || total
-------------------------+-------+-------+-------++-------
Melee: Dagger            |   152 |   146 |    99 ||   397
       Bite              |    12 |    18 |     6 ||    36
Throw: Dart              |       |     1 |       ||     1
Invok: Lunge             |       |     6 |     9 ||    15
       Whirlwind         |       |       |    11 ||    11
Evoke: Wand              |       |     6 |       ||     6
  Use: Scroll            |     4 |     1 |     7 ||    12
       Potion            |       |       |     2 ||     2
 Stab: Sleeping          |    11 |     6 |     9 ||    26
       Paralysed         |       |     1 |       ||     1
       Distracted        |       |       |     1 ||     1
Armor: Robe              |    44 |    37 |     8 ||    89
Dodge: Dodged            |    90 |    83 |    32 ||   205
